 Dungeon Crawl Stone Soup version 0.27-a0-1301-g128193abf8 (webtiles) character file.

Game seed: 16322644738611756864

3616 spiderkeys the Schismatic (level 9, -7/77 HPs)
             Began as a Palentonga Abyssal Knight on June 17, 2021.
             Was an Elder of Lugonu.
             Hit by a boomerang thrown by an orc warrior (15 damage)
             ... on level 7 of the Dungeon.
             The game lasted 00:12:19 (5635 turns).

spiderkeys the Schismatic (PaAK)                    Turns: 5635, Time: 00:12:20

Health: -7/77      AC: 14    Str: 25    XL:     9   Next: 86%
Magic:  14/14      EV: 12    Int: 12    God:    Lugonu [****..]
Gold:   324        SH:  0    Dex: 16    Spells: 8/8 levels left

rFire    . . .     SeeInvis +   a - +1 hand axe
rCold    . . .     Faith    .   (no shield)
rNeg     . . .     Spirit   .   c - +0 troll leather armour
rPois    .         Reflect  .   m - +0 helmet
rElec    .         Harm     .   (no cloak)
rCorr    .         Rampage  .   (no gloves)
Will     .....                  (no barding)
Stlth    ..........             (no amulet)
HPRegen  1.22/turn              S - +6 ring of strength
MPRegen  0.14/turn              D - +6 ring of dexterity

@: silenced (expiring), curled up
A: large, rugged brown scales 3, see invisible, deformed body, roll 1, armoured
tail, reflexive curl
a: Rolling Charge, Renounce Religion


You were on level 7 of the Dungeon.
You worshipped Lugonu.
Lugonu was greatly pleased with you.
You visited 1 branch of the dungeon, and saw 7 of its levels.
You visited the Abyss 1 time.

You collected 324 gold pieces.


Innate Abilities, Weirdness & Mutations

You are completely covered in rugged brown scales. (AC +3, +7% HP)
You have supernaturally acute eyesight. (SInv)
Armour fits poorly on your strangely shaped body.
You can roll at nearby foes to attack.
You have a long armoured tail.
You curl defensively after being hit.


   Skills:
 + Level 7.0 Fighting
 + Level 6.6 Axes
 + Level 5.4 Armour
 + Level 5.2 Dodging
 + Level 7.2 Invocations


You had 8 spell levels left.
You didn't know any spells.
Your spell library contained the following spells:

 Spells                   Type           Power      Damage    Failure   Level
 Beastly Appendage        Tmut           0%         N/A       36%         1
 Freeze                   Ice            0%         1d3       36%         1
 Wereblood                Tmut           0%         N/A       50%         2
 Confusing Touch          Hex            0%         N/A       73%         3
 Frozen Ramparts          Ice            0%         1d2       73%         3
 Gell's Gravitas          Tloc           0%         N/A       73%         3
 Ozocubu's Armour         Ice            0%         N/A       73%         3
 Spider Form              Tmut/Pois      0%         N/A       73%         3
 Hailstorm                Conj/Ice       0%         3d3       98%         4
 Ice Form                 Ice/Tmut       0%         N/A       98%         4
 Petrify                  Tmut/Erth      0%         N/A       98%         4
 Metabolic Englaciation   Hex/Ice        0%         N/A       100%        5
 Yara's Violent Unravell  Hex/Tmut       0%         3d3       100%        5

Inventory:

Hand Weapons
 a - a +1 hand axe (weapon)
Missiles
 b - 39 bolts
 e - 136 arrows
 g - 217 stones
 i - 11 poisoned darts
 k - 37 sling bullets
 s - a throwing net {=f!f}
 t - 2 boomerangs of dispersal {=f!f}
Armour
 c - a +0 troll leather armour (worn)
   (You found it on level 3 of the Abyss)
 d - a scarf of invisibility
   (You found it on level 4 of the Dungeon)
 m - a +0 helmet (worn)
   (You took it off Robin on level 3 of the Dungeon)
Jewellery
 D - a +6 ring of dexterity (right hand)
   (You found it on level 1 of the Dungeon)
 S - a +6 ring of strength (left hand)
   (You found it on level 3 of the Abyss)
 W - a ring of magical power
   (You found it on level 5 of the Dungeon)
 Z - a ring of wizardry
   (You found it on level 3 of the Dungeon)
Wands
 f - a wand of iceblast (7)
   (You took it off Pikel on level 5 of the Dungeon)
 j - a wand of paralysis (10)
   (You found it on level 5 of the Dungeon)
 u - a wand of flame (10)
   (You found it on level 6 of the Dungeon)
Scrolls
 h - a scroll of immolation {!r!r}
 o - 2 scrolls of teleportation {@r4}
Potions
 n - 2 potions of magic
 p - 2 potions of heal wounds {@q2}
 q - a potion of mutation {unknown}
 r - a potion of haste {unknown}
 v - a potion of degeneration {unknown}

Dungeon Overview and Level Annotations

Branches:
Dungeon (7/15)             Temple (0/1) D:4

Altars:
Fedhas
Okawaru
Sif Muna
Wu Jian
The Shining One

Shops:
D:5 !

Annotations:
D:3 1 runed translucent door, bilbop's ghost, amateur HOMo

.#...######. ##
..........#.# # #..
##............. . #.#
#.............. #.
#>###..#...........
#.##.##...#........... .##
#..#.##(.##...........
.... #...#...##..>........
.##..###.@..)...........?.
.........................#
.#....)o.##.............#
###.....####...........#
......)).# #............
.........## ##..........#
.......#.# ##........##
.......### ##......##
....:.. ########


You could see an orc warrior.


Message History

Found a paperback book.
Found a stone staircase leading down. 😎 HP[+1]
Your hp is fully restored (77).
You barely miss the orc. You hit the orc but do no damage.
The orc barely misses you.
You completely miss the orc. You tail-slap the orc.
You kill the orc!
Lugonu accepts your kill.
You hit the orc warrior.
You hit the orc warrior but do no damage.
You tail-slap the orc warrior. You barely miss the orc.
The orc warrior barely misses you.
A bullfrog zombie comes into view.
The orc hits you but does no damage.
You barely miss the orc warrior. You slash the orc!
You kill the orc!
Lugonu accepts your kill.
You slash the orc!
You kill the orc!
Lugonu accepts your kill.
You can now corrupt the fabric of space.
The orc warrior hits you with a +0 mace! 😕 HP[-16]
You take 16 damage, and now have 61/77 hp.
MASSIVE DAMAGE!! (PAUSE)
You hit the orc warrior but do no damage.
You tail-slap the orc warrior, but do no damage.
The orc warrior hits you with a +0 mace! 😮 HP[-7]
You take 7 damage, and now have 54/77 hp.
You barely miss the orc warrior.
Your tail-slap misses the orc warrior.
You hit the orc wizard.
The orc warrior hits you with a +0 mace.
The bullfrog zombie hits you but does no damage. 😮 HP[-5]
You take 5 damage, and now have 49/77 hp.
You slash the orc warrior!
Your tail-slap misses the orc warrior.
You hit the bullfrog zombie. You hit the orc wizard.
The orc wizard hits you with a +0 dagger.
The bullfrog zombie barely misses you.
The orc warrior closely misses you. 😮 HP[-2]
You take 2 damage, and now have 47/77 hp.
You hit the orc wizard. You tail-slap the orc wizard.
You kill the orc wizard!
Lugonu accepts your kill.
You hit the bullfrog zombie.
You hit the orc warrior but do no damage.
The bullfrog zombie hits you but does no damage.
The orc warrior hits you with a +0 mace! 😮 HP[-6]
You take 6 damage, and now have 41/77 hp.
The bullfrog zombie barely misses you. The orc warrior closely misses you.
The bullfrog zombie misses you.
Items here: )) [[. 😮 HP[+1]
You hit the orc warrior. You hit the bullfrog zombie.
The bullfrog zombie misses you.
The orc warrior hits you with a +0 mace!
* * * LOW HITPOINT WARNING * * *
😨 HP[-7]
You take 7 damage, and now have 35/77 hp.
You closely miss the orc warrior.
You tail-slap the orc warrior, but do no damage.
You slash the bullfrog zombie! The bullfrog zombie hits you.
* * * LOW HITPOINT WARNING * * *
The orc warrior closely misses you.
You closely miss the orc warrior. You hit the bullfrog zombie.
The bullfrog zombie hits you.
* * * LOW HITPOINT WARNING * * *
The orc warrior hits you with a +0 mace!
* * * LOW HITPOINT WARNING * * *
😨 HP[-10]
You take 10 damage, and now have 25/77 hp.
You hit the orc warrior but do no damage.
You slash the bullfrog zombie!
The bullfrog zombie completely misses you.
The orc warrior hits you with a +0 mace.
* * * LOW HITPOINT WARNING * * *
The bullfrog zombie hits you but does no damage. 😨 HP[-4]
You take 4 damage, and now have 21/77 hp.
You hit the bullfrog zombie.
You destroy the bullfrog zombie!
Lugonu accepts your kill.
You hit the orc warrior.
The orc warrior hits you with a +0 mace!
* * * LOW HITPOINT WARNING * * *
😱 HP[-8]
You take 8 damage, and now have 13/77 hp.
You hit the orc warrior.
The orc warrior hits you with a +0 mace!
* * * LOW HITPOINT WARNING * * *
😱 HP[-8]
You take 8 damage, and now have 5/77 hp.
Unknown command.
Okay, then.
Unknown command. 😱 HP[+1]
The orc warrior throws a boomerang.
The boomerang hits you!
You die...

Skill      XL: |  1  2  3  4  5  6  7  8  9 |
---------------+----------------------------+-----
Dodging        | 1 2 3 4 5 |  5.2
Armour         | 2 3 4 5 |  5.4
Invocations    | 3 4 5 6 7 |  7.2
Axes           | 3 4 5 6 |  6.6
Fighting       | 4 5 6 7 |  7.0

Action                   |  1- 3 |  4- 6 |  7- 9 || total
-------------------------+-------+-------+-------++-------
Melee: Hand axe          |    80 |   115 |   291 ||   486
       Tailslap          |     7 |    20 |    73 ||   100
Throw: Dart              |       |       |    10 ||    10
Invok: Depart the Abyss  |     1 |       |       ||     1
 Abil: Rolling Charge    |       |     6 |    34 ||    40
Evoke: Wand              |       |       |     1 ||     1
  Use: Scroll            |       |     3 |     5 ||     8
       Potion            |       |     3 |       ||     3
 Stab: Paralysed         |       |       |     1 ||     1
Armor: Troll leather arm |    26 |    42 |    85 ||   153
       Skin              |       |    13 |       ||    13
Dodge: Dodged            |    46 |    61 |   148 ||   255

Levels and vault maps discovered:
D:1:      lemuel_arrival_tunnels, layout_loops_ring, grunt_decor_arrowhead,
          serial_bayou_pond_c
D:2:      layout_loops_ring, ebering_ecumenical_altar_ruins, minmay_tripent
D:3:      layout_rooms, nicolae_wu_jian_glorious_leap,
          ebering_ghost_disaster_area, uniq_robin
D:4:      layout_basic, general_overflow_altar,
          minmay_temple_entry_from_below_a, minivault_14
D:5:      layout_layer_cave, kennysheep_mini, serial_shops, shop,
          chequers_serial_rivers_small_b, corexii_corridor_pit, uniq_pikel
D:6:      layout_loops_ring, old_standard_altar, kennysheep_mini_moat,
          minmay_bent, uniq_prince_ribbit1
D:7:      layout_rooms, nicolae_dithmenos_through_a_glass_darkly

Notes
Turn   | Place    | Note
-------+----------+-------------------------------------------
     0 | Abyss:1  | spiderkeys the Palentonga Abyssal Knight began the quest
                  | for the Orb.
     0 | Abyss:1  | Reached XP level 1. HP: 19/19 MP: 2/2
     0 | Abyss:1  | magus.rc [v1.9.10]
   163 | Abyss:1  | Found a corrupted altar of Lugonu.
   249 | Abyss:3  | Noticed a large abomination
   252 | D:1      | You pass through the gate.
   252 | D:1      | Escaped the Abyss
   356 | D:1      | Reached skill level 1 in Dodging
   356 | D:1      | Reached XP level 2. HP: 25/25 MP: 3/3
   358 | D:1      | Reached * piety under Lugonu
   470 | D:1      | You pick up a book of Misfortune and begin reading...
   470 | D:1      | You add the spells Confusing Touch, Gell's Gravitas,
                  | Petrify, Metabolic Englaciation and Yara's Violent
                  | Unravelling to your library.
   587 | D:1      | Reached XP level 3. HP: 31/31 MP: 4/4
   589 | D:1      | Reached skill level 2 in Armour
  1097 | D:2      | Reached ** piety under Lugonu
  1110 | D:2      | You pick up a book of Frost and begin reading...
  1110 | D:2      | You add the spells Freeze, Frozen Ramparts, Ozocubu's
                  | Armour and Hailstorm to your library.
  1293 | D:2      | Reached XP level 4. HP: 36/37 MP: 5/5
  1297 | D:2      | You pick up a book of Changes and begin reading...
  1297 | D:2      | You add the spells Beastly Appendage, Wereblood, Spider
                  | Form and Ice Form to your library.
  1485 | D:2      | Found a faded altar of an unknown god.
  1841 | D:3      | Noticed Robin
  1856 | D:3      | Killed Robin
  1884 | D:3      | Reached skill level 3 in Invocations
  1884 | D:3      | Reached XP level 5. HP: 44/44 MP: 7/7
  1961 | D:3      | Found a large runed translucent door.
  1962 | D:3      | Found a large runed translucent door.
  2011 | D:3      | Noticed bilbop's ghost (amateur HOMo)
  2041 | D:3      | Reached skill level 3 in Axes
  2138 | D:3      | Found an ornate altar of the Wu Jian Council.
  2285 | D:4      | Found a glowing golden altar of the Shining One.
  2378 | D:4      | Reached skill level 2 in Dodging
  2380 | D:4      | HP: 11/44 [scorpion (7)]
  2384 | D:4      | HP: 2/44 [scorpion (8)]
  2392 | D:4      | Reached skill level 4 in Fighting
  2634 | D:4      | Noticed a phantom
  2644 | D:4      | Killed a phantom
  2645 | D:4      | Reached XP level 6. HP: 47/51 MP: 8/8
  2667 | D:4      | Found a staircase to the Ecumenical Temple.
  2855 | D:4      | Reached skill level 3 in Armour
  2863 | D:4      | HP: 12/52 [ogre (11)]
  2900 | D:4      | Reached skill level 4 in Invocations
  2900 | D:4      | Gained mutation: You curl defensively after being hit.
                  | [Palentonga growth]
  2900 | D:4      | Reached XP level 7. HP: 49/58 MP: 8/10
  2935 | D:4      | Identified the +1 robe of Jihiu {Str+3 Dex+2}
  3094 | D:5      | Entered Level 5 of the Dungeon
  3134 | D:5      | Reached *** piety under Lugonu
  3135 | D:5      | Reached skill level 4 in Axes
  3177 | D:5      | Noticed Pikel
  3265 | D:4      | Reached skill level 3 in Dodging
  3353 | D:5      | HP: 14/58 [Pikel (2)]
  3356 | D:5      | Killed Pikel
  3357 | D:5      | Reached skill level 5 in Fighting
  3357 | D:5      | Reached skill level 5 in Invocations
  3357 | D:5      | Reached XP level 8. HP: 20/66 MP: 11/11
  3475 | D:5      | Reached skill level 4 in Armour
  3543 | D:5      | Found Fuiqu's Distillery.
  3687 | D:5      | Found a blossoming altar of Fedhas.
  3709 | D:5      | Reached skill level 5 in Axes
  3857 | D:5      | Reached skill level 4 in Dodging
  4637 | D:6      | Reached skill level 6 in Fighting
  4815 | D:6      | Reached skill level 6 in Invocations
  4815 | D:6      | Reached XP level 9. HP: 46/73 MP: 13/13
  4877 | D:6      | Found an iron altar of Okawaru.
  4959 | D:6      | Found a shimmering blue altar of Sif Muna.
  5046 | D:6      | Noticed Prince Ribbit
  5056 | D:6      | Killed Prince Ribbit
  5140 | D:6      | Reached skill level 6 in Axes
  5381 | D:7      | Reached skill level 5 in Armour
  5490 | D:6      | Reached skill level 5 in Dodging
  5502 | D:6      | Reached skill level 7 in Invocations
  5556 | D:6      | Reached skill level 7 in Fighting
  5622 | D:7      | Reached **** piety under Lugonu
  5632 | D:7      | HP: 13/77 [orc warrior (9)]
  5633 | D:7      | HP: 5/77 [orc warrior (9)]
  5635 | D:7      | Hit by a boomerang thrown by an orc warrior

Vanquished Creatures
  Pikel (D:5)
  Prince Ribbit (D:6)
  5 yaks (D:6)
  A water moccasin (D:6)
  A sky beast (D:6)
  A black bear (D:5)
  2 necrophages
  5 ogres
  A centaur (D:5)
  A phantom (D:4)
  4 lemures (D:4)
  A kobold brigand (D:7)
  3 bullfrogs (D:6)
  4 scorpions
  A water moccasin skeleton (D:6)
  A wyvern skeleton (D:3)
  3 wights (D:6)
  A bullfrog zombie (D:7)
  3 hounds (D:6)
  A bullfrog skeleton (D:6)
  6 iguanas
  3 orc wizards
  Robin (D:3)
  2 gnolls (D:1)
  An adder (D:3)
  A white imp (D:5)
  An ufetubus (D:6)
  A dart slug (D:1)
  15 orcs
  An endoplasm (D:2)
  3 giant cockroaches
  16 goblins
  8 hobgoblins
  10 jackals
  2 quokkas (D:1)
  4 ball pythons
  9 bats
  5 frilled lizards
  18 kobolds
  6 rats
154 creatures vanquished.

Vanquished Creatures (others)
  2 plants (D:1)
2 creatures vanquished.

Grand Total: 156 creatures vanquished

Table legend:
 A = Non-vault XP
 B = Vault XP
 C = Vault XP percentage of total XP
 D = Non-vault monster count
 E = Vault monster count
 F = Vault count percentage of total count
                 A         B        C        D         E       F
            +---------+---------+-------+---------+---------+-------
      Total |    3908 |    1259 |  24.4 |     130 |      20 |  13.3
            +---------+---------+-------+---------+---------+-------
        D:1 |      74 |       0 |   0.0 |      32 |       0 |   0.0
        D:2 |      34 |       2 |   5.6 |      20 |       2 |   9.1
        D:3 |      90 |      34 |  27.4 |       7 |      11 |  61.1
        D:4 |     632 |       0 |   0.0 |      17 |       0 |   0.0
        D:5 |     873 |     617 |  41.4 |      23 |       1 |   4.2
        D:6 |    1970 |     606 |  23.5 |      18 |       6 |  25.0
        D:7 |     235 |       0 |   0.0 |      13 |       0 |   0.0
            +---------+---------+-------+---------+---------+-------

Illustrated notes

Table legend:
 A = Kills in this place as a percentage of kills in entire the game.
 B = Kills by you in this place as a percentage of kills by you in the entire game.
 C = Kills by friends in this place as a percentage of kills by friends in the entire game.
 D = Other kills in this place as a percentage of other kills in the entire game.
 E = Experience gained in this place as a percentage of experience gained in the entire game.
 F = Experience gained in this place divided by the number of levels of this place that you have seen.
                   A       B       C       D       E      F
               +-------+-------+-------+-------+-------+----------------------
         Total | 100.0 | 100.0 |   N/A |   N/A | 100.0 | 516.7
       Dungeon | 100.0 | 100.0 |   N/A |   N/A | 100.0 | 738.1
               +-------+-------+-------+-------+-------+----------------------

Table legend: (Time is in decaauts)
 A = Elapsed time spent in this place.
 B = Non-inter-level travel time spent in this place.
 C = Inter-level travel time spent in this place.
 D = Time resting spent in this place.
 E = Time spent auto-exploring this place.
 F = Levels seen in this place.
 G = Mean time per level.
                   A        B        C        D        E       F      G
               +--------+--------+--------+--------+--------+-----+--------+
         Total |   5689 |   5507 |    182 |    277 |   4097 |  10 |  568.9 |
       Dungeon |   5437 |   5255 |    182 |    277 |   3924 |   7 |  776.7 |
         Abyss |    251 |    251 |      0 |      0 |    173 |   3 |   83.7 |
               +--------+--------+--------+--------+--------+-----+--------+

Top non-repeatable levels by time:
     D:5: 1295 daAuts
     D:4: 1035 daAuts
     D:6: 964 daAuts
     D:1: 817 daAuts
     D:2: 772 daAuts
     D:3: 425 daAuts
 Abyss:1: 181 daAuts
     D:7: 128 daAuts
 Abyss:3: 42 daAuts
 Abyss:2: 27 daAuts
